 Dungeon Crawl Stone Soup version 0.32-a0-468-g38b2580584 (webtiles) character file.

Game seed: 7253966215963702526

2384 CraftyCompanion the Skirmisher (level 9, -6/70 HPs)
             Began as a Formicid Hunter on Feb 24, 2024.
             Mangled by a killer bee (8 damage)
             ... on level 7 of the Dungeon.
             The game lasted 00:08:57 (7110 turns).

CraftyCompanion the Skirmisher (Formicid Hunter)    Turns: 7110, Time: 00:08:58

Health: -6/70      AC:  4    Str: 16    XL:     9   Next: 73%
Magic:  9/9        EV: 16    Int:  9    God:
Gold:   432        SH:  0    Dex: 27    Spells: 8/8 levels left

rFire   . . .        a - +0 shortbow
rCold   . . .        (no shield)
rNeg    . . .        c - +0 leather armour
rPois   .            (helmet unavailable)
rElec   .            q - +0 cloak
rCorr   .            (no gloves)
SInv    +            (no boots)
Will    .....        (no amulet)
Stlth   ++++         h - +6 ring of dexterity
HPRegen 0.31/turn    (no ring)
MPRegen 0.11/turn

%: no passive effects
@: brilliant, lethally poisoned (-6 -> -12)
A: permanent stasis, dig shafts and tunnels, antennae 3, four strong arms
a: Dig, Shaft Self


You were on level 7 of the Dungeon.
You visited 1 branch of the dungeon, and saw 7 of its levels.

You collected 432 gold pieces.

Inventory:

Hand Weapons
 a - a +0 shortbow (weapon)
Missiles
 u - 6 curare-tipped darts
Armour
 c - a +0 leather armour (worn)
 q - a +0 cloak (worn)
 v - the +0 scale mail of Card Tricks {Str+5}
   (You found it on level 4 of the Dungeon)

   Str+5:     It affects your strength (+5).
Jewellery
 h - a +6 ring of dexterity (left hand)
 z - an amulet of magic regeneration
 A - a ring of ice
Wands
 w - a wand of flame (13)
Scrolls
 d - 8 scrolls of identify {unknown}
 f - a scroll of fear {unknown}
 l - 4 scrolls of teleportation {unknown}
 n - 2 scrolls of amnesia {unknown}
 p - 2 scrolls of enchant weapon {unknown}
 r - a scroll of vulnerability {unknown}
 s - 2 scrolls of immolation {unknown}
 t - 2 scrolls of poison {unknown}
 y - a scroll of fog {unknown}
 B - a scroll of blinking {unknown}
Potions
 b - 2 potions of curing {unknown}
 e - a potion of haste {unknown}
 g - a potion of cancellation
 j - 2 potions of mutation {unknown}
 k - a potion of heal wounds {@q1}
 m - a potion of brilliance
 o - a potion of invisibility {unknown}
 x - a potion of attraction {unknown}
 C - a potion of enlightenment {unknown}


   Skills:
 + Level 6.3 Fighting
 * Level 8.9 Ranged Weapons
 + Level 5.3 Dodging
 + Level 7.3 Stealth


You had 8 spell levels left.
You didn't know any spells.
Your spell library contained the following spells:

 Spells                   Type           Power      Damage    Failure   Level
 Jinxbite                 Hex            0%         N/A       58%         2
 Yara's Violent Unravell  Hex/Alch       0%         3d3       100%        5
 Enfeeble                 Hex            0%         N/A       100%        7
 Malign Gateway           Summ/Tloc      0%         N/A       100%        7
 Summon Horrible Things   Summ           0%         N/A       100%        8


Dungeon Overview and Level Annotations

Branches:
Dungeon (7/15)
 Temple: D:4-7

Altars:
Cheibriados
Fedhas
Kikubaaqudgha
Uskayaw
Yredelemnul
Zin
The Shining One

Annotations:
D:5 1 runed translucent door, Crazy Yiuf


Innate Abilities, Weirdness & Mutations

You cannot be hasted, slowed, berserked, paralysed or teleported.
You can dig through walls and to a lower floor.
You have a pair of large antennae on your head. (SInv)
Your four strong arms can wield two-handed weapons with a shield.


Message History

You kill the killer bee!
The killer bee stings you.
You are poisoned.
The killer bee poisons you!
Fire: a) +0 shortbow
Press: ? - help, Q - select action, (/) - cycle Shift-Dir - straight line, f - killer bee
Aim: a killer bee (moderately wounded, 51% to hit)
You shoot an arrow. The arrow hits the killer bee.
The killer bee is heavily wounded.
You feel sick. The killer bee closely misses you.
The killer bee completely misses you.
Fire: a) +0 shortbow
Press: ? - help, Q - select action, (/) - cycle Shift-Dir - straight line, f/p - killer bee
Aim: a killer bee (heavily wounded, 51% to hit)
You shoot an arrow. The arrow hits the killer bee.
The killer bee is almost dead.
You feel sick. The killer bee stings you.
* * * LOW HITPOINT WARNING * * *
The killer bee stings you.
* * * LOW HITPOINT WARNING * * *
You are lethally poisoned!
The killer bee poisons you!
Fire: a) +0 shortbow
Press: ? - help, Q - select action, (/) - cycle Shift-Dir - straight line, f/p - killer bee
Aim: a killer bee (almost dead, 51% to hit)
You shoot an arrow. The arrow barely misses the killer bee.
* * * LOW HITPOINT WARNING * * *
You feel very sick. The killer bee stings you.
* * * LOW HITPOINT WARNING * * *
The killer bee stings you.
* * * LOW HITPOINT WARNING * * *
Fire: a) +0 shortbow
Press: ? - help, Q - select action, (/) - cycle Shift-Dir - straight line, f/p - killer bee
Aim: a killer bee (almost dead, 51% to hit)
You shoot an arrow.
The arrow closely misses the killer bee.
* * * LOW HITPOINT WARNING * * *
You feel sick. The killer bee stings you!
You die...

#.....# #.###.# #.#
#.# #.# #.# #.###.#
########.#.#.#######
##...................
#..######...#.#######
#.## ###.#...@y..#
..#### #.#######.#,
.....# #.# ,,..
.....# #.# ,,..#
.....#### #.# ,.#
......... ..# ..
.....### { #
.##.#.... ..#.#.##.


You could see a killer bee.

Vanquished Creatures
  Menkaure (D:5)
  Duvessa (D:4)
  2 ice beasts
  3 orc warriors
  A black bear (D:5)
  Blork the orc (D:6)
  A bullfrog (D:7)
  A gnoll sergeant (D:7)
  4 scorpions
  Dowan (D:4)
  5 killer bees (D:7)
  A howler monkey (D:6)
  A bombardier beetle (D:3)
  2 jellies
  2 orc priests
  4 hounds
  Ijyb (D:3)
  2 gnoll boudas
  An iguana (D:6)
  Terence (D:2)
  An orc wizard (D:5)
  Robin (D:1)
  13 adders
  18 gnolls
  2 shadow imps
  A white imp (D:6)
  5 dart slugs
  4 ribbon worms
  9 orcs
  7 ball pythons
  4 bat zombies (D:4)
  6 endoplasms
  3 giant cockroaches
  19 hobgoblins
  3 jackals (D:3)
  2 quokkas
  3 bats
  2 frilled lizards
  18 goblins
  2 kobolds
  6 rats
165 creatures vanquished.

Notes
Turn   | Place    | Note
-------+----------+-------------------------------------------
     0 | D:1      | CraftyCompanion the Formicid Hunter began the quest for the
                  | Orb.
     0 | D:1      | Reached XP level 1. HP: 16/16 MP: 1/1
   155 | D:1      | Reached XP level 2. HP: 23/23 MP: 2/2
   384 | D:1      | Reached XP level 3. HP: 28/28 MP: 3/3
   538 | D:2      | Noticed Robin
   554 | D:1      | Killed Robin
   719 | D:2      | Reached XP level 4. HP: 14/34 MP: 4/4
   943 | D:2      | Found a faded altar of an unknown god.
  1079 | D:2      | Noticed Terence
  1457 | D:2      | Killed Terence
  1466 | D:2      | Reached XP level 5. HP: 30/41 MP: 5/5
  1578 | D:2      | Reached skill level 5 in Ranged Weapons
  2164 | D:3      | Reached XP level 6. HP: 47/47 MP: 6/6
  2236 | D:3      | Noticed Ijyb
  2244 | D:3      | Killed Ijyb
  3015 | D:4      | Noticed Duvessa
  3223 | D:4      | Reached XP level 7. HP: 53/53 MP: 7/7
  3252 | D:4      | Reached skill level 6 in Ranged Weapons
  3299 | D:4      | Identified the +0 scale mail of Card Tricks {Str+5}
  3451 | D:4      | Found a hide-covered altar of Uskayaw.
  3530 | D:4      | Noticed Dowan
  3657 | D:4      | Killed Duvessa
  3663 | D:4      | Killed Dowan
  3749 | D:4      | Found a glowing silver altar of Zin.
  3931 | D:4      | Found a blossoming altar of Fedhas.
  3967 | D:4      | Found an ancient bone altar of Kikubaaqudgha.
  4085 | D:5      | Entered Level 5 of the Dungeon
  4093 | D:5      | Reached XP level 8. HP: 59/61 MP: 8/8
  4159 | D:5      | Reached skill level 5 in Stealth
  4336 | D:5      | Reached skill level 7 in Ranged Weapons
  4681 | D:5      | Reached skill level 5 in Fighting
  5019 | D:5      | Found a runed translucent door.
  5020 | D:5      | Noticed Crazy Yiuf
  5174 | D:5      | Noticed Menkaure
  5178 | D:5      | Killed Menkaure
  5309 | D:5      | Found a glowing golden altar of the Shining One.
  5309 | D:5      | Found a basalt altar of Yredelemnul.
  5554 | D:6      | Reached XP level 9. HP: 68/68 MP: 9/9
  5573 | D:6      | Reached skill level 8 in Ranged Weapons
  5975 | D:6      | Noticed Blork the orc
  5986 | D:6      | Killed Blork the orc
  6125 | D:6      | Reached skill level 5 in Dodging
  6358 | D:6      | Found a snail-covered altar of Cheibriados.
  7110 | D:7      | HP: 2/70 [poisoned by a killer bee]
  7110 | D:7      | Mangled by a killer bee

Illustrated notes

Levels and vault maps discovered:
D:1:      dpeg_arrival_rooms_b, layout_loops_cross
D:2:      layout_basic, shapermc_ecumenical_altar_notcrosses, uniq_robin,
          uniq_terence
D:3:      kennysheep_goblin_castle, layout_loops_corners,
          kennysheep_generic_room_11
D:4:      layout_cave_pods, amcnicky_altar_gilded,
          lemuel_zombie_altar_kikubaaqudgha, fedhas_altar_4, marbit_many_paths,
          sigmund_army, uniq_duvessa
D:5:      layout_loops_ring, mainiacjoe_overflow_alcove_1,
          mainiacjoe_overflow_cross_hatched, guppyfry_early_orc_mine,
          uniq_menkaure, uniq_crazy_yiuf_cottage
D:6:      layout_rooms, kennysheep_slug_shrine, uniq_blork_the_orc
D:7:      layout_basic, nicolae_sif_muna_condensation,
          minmay_temple_entry_butterflies,
          hangedman_abyss_or_decor_jellyfish_corner

Skill      XL: |  1  2  3  4  5  6  7  8  9 |
---------------+----------------------------+-----
Dodging        | 2 3 4 5 |  5.3
Stealth        | 2 3 4 6 7 |  7.3
Fighting       | 3 4 5 6 |  6.3
Ranged Weapons | 5 6 7 8 |  8.9

Action                     |  1- 3 |  4- 6 |  7- 9 || total
---------------------------+-------+-------+-------++-------
   Fire: Shortbow          |    74 |   186 |   347 ||   607
Ability: Dig               |     1 |       |       ||     1
  Evoke: Wand              |       |     2 |     8 ||    10
    Use: Scroll            |       |     1 |       ||     1
         Potion            |       |       |     3 ||     3
 Armour: Leather armour    |    15 |    47 |   127 ||   189
  Dodge: Dodged            |    18 |    59 |   163 ||   240

Table legend: (Time is in decaauts)
 A = Elapsed time spent in this place.
 B = Non-inter-level travel time spent in this place.
 C = Inter-level travel time spent in this place.
 D = Time resting spent in this place.
 E = Time spent auto-exploring this place.
 F = Levels seen in this place.
 G = Mean time per level.
                   A        B        C        D        E       F      G
               +--------+--------+--------+--------+--------+-----+--------+
         Total |   7194 |   6792 |    402 |    478 |   5159 |   7 | 1027.7 |
       Dungeon |   7194 |   6792 |    402 |    478 |   5159 |   7 | 1027.7 |
               +--------+--------+--------+--------+--------+-----+--------+

Top non-repeatable levels by time:
     D:5: 1806 daAuts
     D:3: 1301 daAuts
     D:4: 1096 daAuts
     D:6: 1072 daAuts
     D:2: 1051 daAuts
     D:1: 699 daAuts
     D:7: 167 daAuts
